Pick #1

Connor Bedard
Pick #2

Leo Carlsson
Pick #3

Adam Fantilli
Pick #4

Matvei Michkov
Pick #5

David Reinbacher
Pick #6

William Smith
Pick #7

Zachary Benson
Pick #8

Ryan Leonard
Pick #9

Gabriel Perreault
Pick #10

Axel Sandin-Pellika
Pick #11

Daniil But
Pick #12

Dalibor Dvorsky
Pick #13

Quentin Musty
Pick #14

Brayden Yager
Pick #15

Dmitry Simashev
Pick #16

Colby Barlow
Pick #17

Andrew Cristall
Pick #18

Easton Cowan
Pick #19

Jacob Fowler
Pick #20

Oliver Moore
Pick #21

Oliver Bonk
Pick #22

Tom Willander
Pick #23

Calum Ritchie
Pick #24

Tanner Molendyk
Pick #25

Gavin Brindley
Pick #26

Nate Danielson
Pick #27

Pick #28

Pick #29

Pick #30

Pick #31

Pick #32

Pick #33

Pick #34

Pick #35

Pick #36

Pick #37

Pick #38

Pick #39

Pick #40

Pick #41

Pick #42

Pick #43

Pick #44

Pick #45

Pick #46

Pick #47

Pick #48

Pick #49

Pick #50

Pick #51

Pick #52

Pick #53

Pick #54

Pick #55

Pick #56

Pick #57

Pick #58

Pick #59

Pick #60

Pick #61

Pick #62

Pick #63

Pick #64

Pick #65

Pick #66

Pick #67

Pick #68

Pick #69

Pick #70

Pick #71

Pick #72

Pick #73

Pick #74

Pick #75

Pick #76

Pick #77

Pick #78

Pick #79

Pick #80

Pick #81

Pick #82

Pick #83

Pick #84

Pick #85

Pick #86

Pick #87

Pick #88

Pick #89

Pick #90

Pick #91

Pick #92

Pick #93

Pick #94

Pick #95

Pick #96

Pick #97

Pick #98

Pick #99

Pick #100

Pick #101

Pick #102

Pick #103

Pick #104

Pick #105

Pick #106

Pick #107

Pick #108

Pick #109

Pick #110

Pick #111

Pick #112

Pick #113

Pick #114

Pick #115

Pick #116

Pick #117

Pick #118

Pick #119

Pick #120

Pick #121

Pick #122

Pick #123

Pick #124

Pick #125

Pick #126

Pick #127

Pick #128

Pick #129

Pick #130

Full Scoreboard »»

Predators vs Blues

Created - February 7, 2024 at 09:23

Goals
1 2 3 OT1 SO T
Predators 1 0 1 0 2 3
Blues 0 0 2 0 1 2
Shots
1 2 3 OT1 SO T
Predators 7 5 10 2 4 24
Blues 8 12 9 5 4 34

GoalsPenalties
1st period
1. Predators , Bo Horvat 22 (Taylor Hall 15, Roman Josi 35) at 3:51
Yanni Gourde (STL) for Slashing (Minor) at 5:57
Carson Soucy (STL) for Slashing (Minor) at 9:58
2nd period
No Goal
Taylor Hall (NSH) for Hooking (Minor) at 13:00
Clayton Keller (STL) for Holding Stick (Minor) at 19:01
3rd period
2. Predators , Cal Clutterbuck 1 (Yakov Trenin 2, Colton Sissons 4) at 14:26
3. Blues , Auston Matthews 22 (Cale Makar 39, Kris Letang 22) at 15:09
4. Blues , Cale Makar 11 (Nico Hischier 40) at 19:33
Jacob Trouba (STL) for Hooking (Minor) at 0:34
Nikita Zadorov (NSH) for Hooking (Minor) at 9:38
Kris Letang (STL) for Holding (Minor) at 12:12
Taylor Hall (NSH) for Hooking (Minor) at 17:20
Overtime #1
No Goal
Shootout
Predators, Kyle Connor - Stopped by Kevin Lankinen
Blues, Auston Matthews - Stopped by Ilya Sorokin
Predators, Alex Tuch - Goal!
Blues, Logan Couture - Goal!
Predators, J.T. Miller - Stopped by Kevin Lankinen
Blues, Clayton Keller - Stopped by Ilya Sorokin
Predators, Bo Horvat - Goal!
Blues, Jack Eichel - Stopped by Ilya Sorokin
Goalie Stats
Ilya Sorokin (NSH), 32 saves from 34 shots - (0.941), W, 32-8-3, 65:00 minutes
Kevin Lankinen (STL), 22 saves from 24 shots - (0.917), OTL, 8-6-3, 63:56 minutes
3 StarsOfficial
1 - Cale Makar (STL)
2 - Ilya Sorokin (NSH)
3 - Cal Clutterbuck (NSH)
Referees : Chris Rooney and Gord Dwyer
Linesman : Stephen Drain and Kyle Flemington
Game Note
No Game Note
Finance
Level 1 -- Attendance: 6500 (100.00%) -- Ticket Income $682,500
Level 2 -- Attendance: 5000 (100.00%) -- Ticket Income $375,000
Level 3 -- Attendance: 3500 (100.00%) -- Ticket Income $175,000
Level 4 -- Attendance: 1562 (100.00%) -- Ticket Income $60,918
Luxury Box -- Attendance: 1000 (100.00%) -- Ticket Income $199,000
Game was played at the Scottrade Center.
Total Attendance: 17562 (100.00%)
Total Ticket Income: $1,492,418
Other Income: $373,104
Total Income: $1,865,522



Team Name Goals Shots Shots Attemp Shots Blocked PIM HIT PP PK FO%
Predators 32448106260 / 5 (0%)049%
Blues 23461810180 / 3 (0%)051%

Predators
Player Name POS G A P +/- PIM HIT SHT SB MP PP MP PP SHT PK MP PK SHT FO% FOT
Alex TuchRW0000001019:483:4000:0000% 3
Bo HorvatC101-1023018:165:1100:00041% 22
Brandon CarloD0000020223:074:1602:4100% 0
Cal ClutterbuckRW101100206:010:0001:3000% 0
Colton SissonsC011102008:460:0004:15062% 13
Darnell NurseD0000021024:004:1613:0200% 0
Gabriel VilardiRW0000020013:310:0000:0000% 0
J.T. CompherLW0000001015:090:0004:030100% 3
J.T. MillerC0000022021:053:4010:00047% 19
Jake McCabeD0000010215:260:0003:1600% 0
Kyle ConnorLW000-1011022:175:4900:2400% 0
Lucas RaymondLW0000002021:295:4900:000100% 1
Nikita ZadorovD0001230214:140:0002:1900% 0
Roman JosiD011-1026325:005:1340:3600% 0
Tage ThompsonC0000043115:500:0000:00048% 27
Taylor HallLW0110411014:443:4000:0000% 2
Thomas ChabotD0000011023:125:1310:0000% 0
Yakov TreninC011001007:050:3801:420100% 2
Blues
Player Name POS G A P +/- PIM HIT SHT SB MP PP MP PP SHT PK MP PK SHT FO% FOT
Anthony DeAngeloD0000002015:153:3011:5900% 0
Auston MatthewsC101-1017021:043:0500:00067% 6
Cale MakarD1120002229:022:2704:1100% 0
Carson SoucyD000021009:450:0000:0000% 0
Clayton KellerRW0001204123:412:5203:05020% 5
Craig SmithC000000008:520:0000:0000% 0
Curtis LazarC0000031010:050:0005:25150% 12
Evan RodriguesC000000204:400:0000:00050% 2
Filip HronekD0000000025:193:3004:5700% 0
Jack EichelC0000011018:113:0500:00062% 21
Jacob TroubaD0001223119:220:0003:5500% 0
Kris LetangD011-1272226:392:5213:5500% 0
Logan CoutureC000-1014121:483:0520:00038% 8
Marcus JohanssonLW000100109:390:0000:3300% 0
Miles WoodLW000000004:400:0000:0000% 0
Nico HischierC0110002024:522:2704:12042% 26
Sean MonahanC0000001014:040:0005:12064% 11
Yanni GourdeC0000222118:022:5210:050100% 1



Play-by-Play

1st period


0:01 of 1st period - Auston Matthews wins face-off versus J.T. Miller in neutral zone.
0:26 of 1st period - Shot by Nico Hischier.
0:26 of 1st period - Stopped by Ilya Sorokin with a rebound.
0:28 of 1st period - Shot by Kris Letang.
0:28 of 1st period - Stopped by Ilya Sorokin without a rebound.
0:29 of 1st period - Jack Eichel wins face-off versus Tage Thompson in Predators zone.
0:30 of 1st period - Shot by Clayton Keller.
0:30 of 1st period - Stopped by Ilya Sorokin without a rebound.
0:31 of 1st period - Bo Horvat wins face-off versus Jack Eichel in Predators zone.
0:31 of 1st period - Bo Horvat is hit by Yanni Gourde.
0:34 of 1st period - Icing by Taylor Hall.
0:35 of 1st period - J.T. Compher wins face-off versus Sean Monahan in Predators zone.
0:54 of 1st period - Shot by Taylor Hall.
0:54 of 1st period - Shot Misses the Net.
0:56 of 1st period - Shot by J.T. Compher.
0:56 of 1st period - Stopped by Kevin Lankinen without a rebound.
0:57 of 1st period - Tage Thompson wins face-off versus Jack Eichel in Blues zone.
1:42 of 1st period - Shot by Yanni Gourde.
1:42 of 1st period - Shot Blocked by Nikita Zadorov.
2:03 of 1st period - Off-side.
2:04 of 1st period - J.T. Miller wins face-off versus Curtis Lazar in neutral zone.
3:42 of 1st period - Taylor Hall is hit by Kris Letang and loses puck.
3:49 of 1st period - Shot by Taylor Hall.
3:49 of 1st period - Shot Blocked by Logan Couture.
3:51 of 1st period - Shot by Bo Horvat.
3:51 of 1st period - Goal by Bo Horvat - Predators : 1 - Blues : 0.
3:52 of 1st period - Colton Sissons wins face-off versus Sean Monahan in neutral zone.
4:57 of 1st period - Craig Smith is hit by Tage Thompson and loses puck.
5:08 of 1st period - Anthony DeAngelo is hit by Tage Thompson.
5:57 of 1st period - Minor Penalty to Yanni Gourde for Slashing.
5:58 of 1st period - J.T. Miller wins face-off versus Nico Hischier in Blues zone.
6:03 of 1st period - Shot by Roman Josi.
6:03 of 1st period - Stopped by Kevin Lankinen without a rebound.
6:04 of 1st period - Lucas Raymond wins face-off versus Nico Hischier in Blues zone.
6:20 of 1st period - Icing by Kyle Connor.
6:21 of 1st period - Nico Hischier wins face-off versus Bo Horvat in Predators zone.
6:45 of 1st period - Shot by Darnell Nurse.
6:45 of 1st period - Stopped by Kevin Lankinen without a rebound.
6:46 of 1st period - J.T. Miller wins face-off versus Curtis Lazar in Blues zone.
6:51 of 1st period - Shot by J.T. Miller.
6:51 of 1st period - Shot Misses the Net.
6:53 of 1st period - Shot by Thomas Chabot.
6:53 of 1st period - Shot Misses the Net.
6:57 of 1st period - Shot by J.T. Miller.
6:57 of 1st period - Stopped by Kevin Lankinen without a rebound.
6:58 of 1st period - Curtis Lazar wins face-off versus J.T. Miller in Blues zone.
7:08 of 1st period - Icing by Roman Josi.
7:09 of 1st period - Sean Monahan wins face-off versus J.T. Miller in Predators zone.
7:32 of 1st period - Shot by Thomas Chabot.
7:32 of 1st period - Stopped by Kevin Lankinen without a rebound.
7:33 of 1st period - Nico Hischier wins face-off versus Bo Horvat in Blues zone.
8:15 of 1st period - Shot by Jacob Trouba.
8:15 of 1st period - Stopped by Ilya Sorokin without a rebound.
8:16 of 1st period - Jack Eichel wins face-off versus Bo Horvat in Predators zone.
9:44 of 1st period - Icing by Brandon Carlo.
9:45 of 1st period - J.T. Miller wins face-off versus Evan Rodrigues in Predators zone.
9:45 of 1st period - J.T. Miller is hit by Curtis Lazar.
9:58 of 1st period - Minor Penalty to Carson Soucy for Slashing.
9:59 of 1st period - Bo Horvat wins face-off versus Curtis Lazar in Blues zone.
10:14 of 1st period - Shot by Roman Josi.
10:14 of 1st period - Stopped by Kevin Lankinen with a rebound.
11:52 of 1st period - Nico Hischier is hit by Yakov Trenin and loses puck.
12:11 of 1st period - Shot by Logan Couture.
12:11 of 1st period - Shot Misses the Net.
12:13 of 1st period - Shot by Logan Couture.
12:13 of 1st period - Shot Misses the Net.
12:27 of 1st period - Nikita Zadorov is hit by Logan Couture.
12:40 of 1st period - Off-side.
12:41 of 1st period - Bo Horvat wins face-off versus Jack Eichel in neutral zone.
13:29 of 1st period - Icing by Jacob Trouba.
13:30 of 1st period - Jack Eichel wins face-off versus Tage Thompson in Blues zone.
13:30 of 1st period - Jack Eichel is hit by Gabriel Vilardi.
14:03 of 1st period - Icing by Tage Thompson.
14:04 of 1st period - Curtis Lazar wins face-off versus Tage Thompson in Predators zone.
14:04 of 1st period - Curtis Lazar is hit by Nikita Zadorov.
14:16 of 1st period - Shot by Evan Rodrigues.
14:16 of 1st period - Stopped by Ilya Sorokin without a rebound.
14:17 of 1st period - J.T. Miller wins face-off versus Nico Hischier in Predators zone.
14:19 of 1st period - Icing by Thomas Chabot.
14:20 of 1st period - Nico Hischier wins face-off versus Alex Tuch in Predators zone.
14:22 of 1st period - Logan Couture is hit by Darnell Nurse and loses puck.
14:30 of 1st period - Off-side.
14:31 of 1st period - Bo Horvat wins face-off versus Jack Eichel in neutral zone.
14:35 of 1st period - Roman Josi is hit by Kris Letang and loses puck.
14:42 of 1st period - Taylor Hall is hit by Jack Eichel and loses puck.
14:52 of 1st period - Bo Horvat is hit by Kris Letang.
15:01 of 1st period - Off-side.
15:02 of 1st period - J.T. Miller wins face-off versus Nico Hischier in neutral zone.
15:14 of 1st period - Icing by Logan Couture.
15:15 of 1st period - Nico Hischier wins face-off versus Tage Thompson in Blues zone.
15:15 of 1st period - Nico Hischier is hit by Kyle Connor.
15:37 of 1st period - Shot by Logan Couture.
15:37 of 1st period - Deflect By Auston Matthews.
15:37 of 1st period - Stopped by Ilya Sorokin without a rebound.
15:38 of 1st period - Jack Eichel wins face-off versus J.T. Miller in Predators zone.
16:55 of 1st period - Shot by Auston Matthews.
16:55 of 1st period - Stopped by Ilya Sorokin with a rebound.
16:57 of 1st period - Shot by Jacob Trouba.
16:57 of 1st period - Shot Misses the Net.
17:33 of 1st period - Shot by Marcus Johansson.
17:33 of 1st period - Shot Blocked by Brandon Carlo.
18:28 of 1st period - Roman Josi is hit by Curtis Lazar and loses puck.
18:43 of 1st period - Shot by Evan Rodrigues.
18:43 of 1st period - Stopped by Ilya Sorokin with a rebound.
18:45 of 1st period - Shot by Curtis Lazar.
18:45 of 1st period - Shot Misses the Net.
Goals for this period are 1 for Predators vs 0 for Blues.
Shots for this period are 7 for Predators vs 8 for Blues.

2nd period


0:01 of 2nd period - Tage Thompson wins face-off versus Nico Hischier in neutral zone.
0:08 of 2nd period - Shot by Gabriel Vilardi.
0:08 of 2nd period - Shot Misses the Net.
0:13 of 2nd period - Icing by Kris Letang.
0:14 of 2nd period - Nico Hischier wins face-off versus Taylor Hall in Blues zone.
0:19 of 2nd period - Jake McCabe is hit by Auston Matthews and loses puck.
0:28 of 2nd period - Icing by Cale Makar.
0:29 of 2nd period - Tage Thompson wins face-off versus Nico Hischier in Blues zone.
0:49 of 2nd period - Shot by Auston Matthews.
0:49 of 2nd period - Stopped by Ilya Sorokin without a rebound.
0:50 of 2nd period - Jack Eichel wins face-off versus Bo Horvat in Predators zone.
0:53 of 2nd period - Shot by Jacob Trouba.
0:53 of 2nd period - Stopped by Ilya Sorokin without a rebound.
0:54 of 2nd period - Jack Eichel wins face-off versus Bo Horvat in Predators zone.
1:15 of 2nd period - Shot by Clayton Keller.
1:15 of 2nd period - Shot Misses the Net.
1:35 of 2nd period - Shot by Clayton Keller.
1:35 of 2nd period - Shot Misses the Net.
1:37 of 2nd period - Shot by Yanni Gourde.
1:37 of 2nd period - Shot Misses the Net.
2:04 of 2nd period - Auston Matthews is hit by Darnell Nurse.
2:10 of 2nd period - Shot by Logan Couture.
2:10 of 2nd period - Stopped by Ilya Sorokin without a rebound.
2:11 of 2nd period - Sean Monahan wins face-off versus Tage Thompson in Predators zone.
2:30 of 2nd period - Shot by Sean Monahan.
2:30 of 2nd period - Stopped by Ilya Sorokin with a rebound.
2:32 of 2nd period - Shot by Anthony DeAngelo.
2:32 of 2nd period - Shot Misses the Net.
2:34 of 2nd period - Shot by Marcus Johansson.
2:34 of 2nd period - Shot Misses the Net.
2:37 of 2nd period - Sean Monahan is hit by Nikita Zadorov and loses puck.
3:22 of 2nd period - Shot by Auston Matthews.
3:22 of 2nd period - Stopped by Ilya Sorokin without a rebound.
3:23 of 2nd period - Jack Eichel wins face-off versus Colton Sissons in Predators zone.
3:26 of 2nd period - Shot by Yanni Gourde.
3:26 of 2nd period - Stopped by Ilya Sorokin without a rebound.
3:27 of 2nd period - Jack Eichel wins face-off versus J.T. Miller in Predators zone.
4:04 of 2nd period - Shot by J.T. Miller.
4:04 of 2nd period - Deflect By Alex Tuch.
4:04 of 2nd period - Shot Misses the Net.
5:27 of 2nd period - Shot by Tage Thompson.
5:27 of 2nd period - Stopped by Kevin Lankinen without a rebound.
5:28 of 2nd period - Colton Sissons wins face-off versus Nico Hischier in Blues zone.
5:28 of 2nd period - Colton Sissons is hit by Jacob Trouba.
5:51 of 2nd period - Icing by Roman Josi.
5:52 of 2nd period - Colton Sissons wins face-off versus Sean Monahan in Predators zone.
6:02 of 2nd period - Icing by Yakov Trenin.
6:03 of 2nd period - Colton Sissons wins face-off versus Nico Hischier in Predators zone.
6:13 of 2nd period - Shot by Cal Clutterbuck.
6:13 of 2nd period - Stopped by Kevin Lankinen without a rebound.
6:14 of 2nd period - Sean Monahan wins face-off versus Tage Thompson in Blues zone.
6:46 of 2nd period - Icing by Marcus Johansson.
6:47 of 2nd period - Sean Monahan wins face-off versus J.T. Miller in Blues zone.
6:57 of 2nd period - Off-side.
6:58 of 2nd period - Nico Hischier wins face-off versus Bo Horvat in neutral zone.
7:13 of 2nd period - Shot by Bo Horvat.
7:13 of 2nd period - Shot Misses the Net.
7:15 of 2nd period - Shot by Bo Horvat.
7:15 of 2nd period - Stopped by Kevin Lankinen without a rebound.
7:16 of 2nd period - Jack Eichel wins face-off versus Tage Thompson in Blues zone.
7:16 of 2nd period - Jack Eichel is hit by Tage Thompson.
8:00 of 2nd period - Icing by Yanni Gourde.
8:01 of 2nd period - Jack Eichel wins face-off versus J.T. Miller in Blues zone.
8:01 of 2nd period - Jack Eichel is hit by J.T. Miller.
8:39 of 2nd period - Shot by Lucas Raymond.
8:39 of 2nd period - Stopped by Kevin Lankinen without a rebound.
8:40 of 2nd period - J.T. Compher wins face-off versus Nico Hischier in Blues zone.
8:55 of 2nd period - Shot by Taylor Hall.
8:55 of 2nd period - Shot Blocked by Jacob Trouba.
9:18 of 2nd period - Shot by Nico Hischier.
9:18 of 2nd period - Shot Blocked by Roman Josi.
10:06 of 2nd period - Shot by Anthony DeAngelo.
10:06 of 2nd period - Stopped by Ilya Sorokin without a rebound.
10:07 of 2nd period - Evan Rodrigues wins face-off versus J.T. Miller in Predators zone.
10:19 of 2nd period - Icing by Cale Makar.
10:20 of 2nd period - Curtis Lazar wins face-off versus Colton Sissons in Blues zone.
10:38 of 2nd period - Shot by Colton Sissons.
10:38 of 2nd period - Shot Misses the Net.
10:40 of 2nd period - Shot by Cal Clutterbuck.
10:40 of 2nd period - Shot Misses the Net.
10:59 of 2nd period - Off-side.
11:00 of 2nd period - Nico Hischier wins face-off versus J.T. Miller in neutral zone.
11:05 of 2nd period - Shot by Nico Hischier.
11:05 of 2nd period - Shot Blocked by Nikita Zadorov.
12:27 of 2nd period - Shot by Tage Thompson.
12:27 of 2nd period - Stopped by Kevin Lankinen without a rebound.
12:28 of 2nd period - J.T. Compher wins face-off versus Jack Eichel in Blues zone.
13:00 of 2nd period - Minor Penalty to Taylor Hall for Hooking.
13:01 of 2nd period - Colton Sissons wins face-off versus Clayton Keller in Predators zone.
13:12 of 2nd period - Shot by Anthony DeAngelo.
13:12 of 2nd period - Stopped by Ilya Sorokin without a rebound.
13:13 of 2nd period - Auston Matthews wins face-off versus Colton Sissons in Predators zone.
13:38 of 2nd period - Shot by Auston Matthews.
13:38 of 2nd period - Shot Misses the Net.
13:40 of 2nd period - Shot by Nico Hischier.
13:40 of 2nd period - Shot Misses the Net.
14:02 of 2nd period - Shot by Filip Hronek.
14:02 of 2nd period - Shot Misses the Net.
14:04 of 2nd period - Shot by Anthony DeAngelo.
14:04 of 2nd period - Shot Misses the Net.
14:06 of 2nd period - Shot by Filip Hronek.
14:06 of 2nd period - Shot Hit the Post.
14:08 of 2nd period - Shot by Kris Letang.
14:08 of 2nd period - Stopped by Ilya Sorokin without a rebound.
14:09 of 2nd period - Yakov Trenin wins face-off versus Clayton Keller in Predators zone.
15:24 of 2nd period - Off-side.
15:25 of 2nd period - Tage Thompson wins face-off versus Curtis Lazar in neutral zone.
16:56 of 2nd period - Shot by Auston Matthews.
16:56 of 2nd period - Shot Blocked by Jake McCabe.
16:58 of 2nd period - Shot by Logan Couture.
16:58 of 2nd period - Stopped by Ilya Sorokin with a rebound.
17:21 of 2nd period - Bo Horvat is hit by Carson Soucy.
17:52 of 2nd period - Icing by Bo Horvat.
17:53 of 2nd period - Sean Monahan wins face-off versus Bo Horvat in Predators zone.
17:59 of 2nd period - Darnell Nurse is hit by Kris Letang and loses puck.
18:24 of 2nd period - Shot by Kyle Connor.
18:24 of 2nd period - Shot Misses the Net.
18:39 of 2nd period - Off-side.
18:40 of 2nd period - J.T. Miller wins face-off versus Nico Hischier in neutral zone.
18:58 of 2nd period - Shot by Auston Matthews.
18:58 of 2nd period - Stopped by Ilya Sorokin without a rebound.
18:59 of 2nd period - Jack Eichel wins face-off versus Tage Thompson in Predators zone.
19:01 of 2nd period - Minor Penalty to Clayton Keller for Holding Stick.
19:02 of 2nd period - Bo Horvat wins face-off versus Curtis Lazar in Blues zone.
19:15 of 2nd period - Shot by Curtis Lazar.
19:15 of 2nd period - Stopped by Ilya Sorokin with a rebound.
19:17 of 2nd period - Shot by Cale Makar.
19:17 of 2nd period - Shot Blocked by Roman Josi.
19:38 of 2nd period - Kyle Connor is hit by Kris Letang and loses puck.
Goals for this period are 0 for Predators vs 0 for Blues.
Shots for this period are 5 for Predators vs 12 for Blues.

3rd period


0:01 of 3rd period - Sean Monahan wins face-off versus Bo Horvat in neutral zone.
0:19 of 3rd period - Shot by Roman Josi.
0:19 of 3rd period - Stopped by Kevin Lankinen without a rebound.
0:20 of 3rd period - Curtis Lazar wins face-off versus J.T. Miller in Blues zone.
0:34 of 3rd period - Minor Penalty to Jacob Trouba for Hooking.
0:35 of 3rd period - Yanni Gourde wins face-off versus Bo Horvat in Blues zone.
0:35 of 3rd period - Yanni Gourde is hit by Bo Horvat.
0:56 of 3rd period - Shot by Roman Josi.
0:56 of 3rd period - Stopped by Kevin Lankinen with a rebound.
1:36 of 3rd period - Nico Hischier is hit by J.T. Miller and loses puck.
1:41 of 3rd period - Shot by Taylor Hall.
1:41 of 3rd period - Deflect By J.T. Miller.
1:41 of 3rd period - Shot Misses the Net.
1:43 of 3rd period - Shot by Brandon Carlo.
1:43 of 3rd period - Shot Blocked by Kris Letang.
2:31 of 3rd period - Lucas Raymond is hit by Kris Letang and loses puck.
2:42 of 3rd period - Nico Hischier is hit by Colton Sissons and loses puck.
3:28 of 3rd period - Off-side.
3:29 of 3rd period - Tage Thompson wins face-off versus Jack Eichel in neutral zone.
4:19 of 3rd period - Icing by Thomas Chabot.
4:20 of 3rd period - Tage Thompson wins face-off versus Sean Monahan in Predators zone.
4:47 of 3rd period - Shot by Marcus Johansson.
4:47 of 3rd period - Shot Misses the Net.
4:59 of 3rd period - Shot by J.T. Miller.
4:59 of 3rd period - Shot Misses the Net.
5:13 of 3rd period - Shot by Alex Tuch.
5:13 of 3rd period - Stopped by Kevin Lankinen without a rebound.
5:14 of 3rd period - Bo Horvat wins face-off versus Nico Hischier in Blues zone.
5:15 of 3rd period - Shot by Taylor Hall.
5:15 of 3rd period - Stopped by Kevin Lankinen without a rebound.
5:16 of 3rd period - Nico Hischier wins face-off versus Bo Horvat in Blues zone.
5:25 of 3rd period - Shot by Logan Couture.
5:25 of 3rd period - Shot Blocked by Jake McCabe.
5:27 of 3rd period - Shot by Cale Makar.
5:27 of 3rd period - Stopped by Ilya Sorokin without a rebound.
5:28 of 3rd period - Jack Eichel wins face-off versus Tage Thompson in Predators zone.
5:29 of 3rd period - Shot by Jacob Trouba.
5:29 of 3rd period - Stopped by Ilya Sorokin without a rebound.
5:30 of 3rd period - J.T. Miller wins face-off versus Nico Hischier in Predators zone.
5:37 of 3rd period - Shot by J.T. Miller.
5:37 of 3rd period - Stopped by Kevin Lankinen without a rebound.
5:38 of 3rd period - Nico Hischier wins face-off versus Alex Tuch in Blues zone.
6:36 of 3rd period - Icing by Cale Makar.
6:37 of 3rd period - Tage Thompson wins face-off versus Nico Hischier in Blues zone.
6:51 of 3rd period - Icing by Cale Makar.
6:52 of 3rd period - Logan Couture wins face-off versus Taylor Hall in Blues zone.
6:52 of 3rd period - Logan Couture is hit by Taylor Hall.
7:13 of 3rd period - Nikita Zadorov is hit by Jacob Trouba and loses puck.
7:22 of 3rd period - Shot by Bo Horvat.
7:22 of 3rd period - Stopped by Kevin Lankinen without a rebound.
7:23 of 3rd period - Sean Monahan wins face-off versus Tage Thompson in Blues zone.
7:23 of 3rd period - Sean Monahan is hit by Tage Thompson.
8:01 of 3rd period - Shot by Marcus Johansson.
8:01 of 3rd period - Stopped by Ilya Sorokin without a rebound.
8:02 of 3rd period - Jack Eichel wins face-off versus Bo Horvat in Predators zone.
8:02 of 3rd period - Filip Hronek is hit by Roman Josi and loses puck.
9:30 of 3rd period - Nico Hischier is hit by Nikita Zadorov and loses puck.
9:38 of 3rd period - Minor Penalty to Nikita Zadorov for Hooking.
9:39 of 3rd period - Auston Matthews wins face-off versus Colton Sissons in Predators zone.
9:59 of 3rd period - Logan Couture is hit by Brandon Carlo and loses puck.
10:04 of 3rd period - Shot by Logan Couture.
10:04 of 3rd period - Stopped by Ilya Sorokin without a rebound.
10:05 of 3rd period - Colton Sissons wins face-off versus Clayton Keller in Predators zone.
10:05 of 3rd period - Colton Sissons is hit by Yanni Gourde.
10:26 of 3rd period - Shot by Jake McCabe.
10:26 of 3rd period - Shot Misses the Net.
10:54 of 3rd period - Anthony DeAngelo is hit by Colton Sissons and loses puck.
11:01 of 3rd period - Shot by Logan Couture.
11:01 of 3rd period - Stopped by Ilya Sorokin without a rebound.
11:02 of 3rd period - Yakov Trenin wins face-off versus Logan Couture in Predators zone.
11:51 of 3rd period - Shot by Lucas Raymond.
11:51 of 3rd period - Stopped by Kevin Lankinen without a rebound.
11:52 of 3rd period - Curtis Lazar wins face-off versus Tage Thompson in Blues zone.
11:52 of 3rd period - Curtis Lazar is hit by Gabriel Vilardi.
12:04 of 3rd period - Darnell Nurse is hit by Kris Letang and loses puck.
12:12 of 3rd period - Minor Penalty to Kris Letang for Holding.
12:13 of 3rd period - Curtis Lazar wins face-off versus Alex Tuch in Blues zone.
13:07 of 3rd period - Icing by Darnell Nurse.
13:08 of 3rd period - Nico Hischier wins face-off versus Bo Horvat in Predators zone.
13:09 of 3rd period - Shot by Anthony DeAngelo.
13:09 of 3rd period - Shot Misses the Net.
13:16 of 3rd period - Icing by Lucas Raymond.
13:17 of 3rd period - Bo Horvat wins face-off versus Clayton Keller in Predators zone.
13:43 of 3rd period - Icing by Brandon Carlo.
13:44 of 3rd period - Bo Horvat wins face-off versus Nico Hischier in Predators zone.
13:49 of 3rd period - Jacob Trouba is hit by Bo Horvat and loses puck.
14:12 of 3rd period - Shot by Kyle Connor.
14:12 of 3rd period - Stopped by Kevin Lankinen without a rebound.
14:13 of 3rd period - Colton Sissons wins face-off versus Nico Hischier in Blues zone.
14:14 of 3rd period - Shot by Cal Clutterbuck.
14:14 of 3rd period - Shot Blocked by Cale Makar.
14:16 of 3rd period - Shot by Yakov Trenin.
14:16 of 3rd period - Shot Blocked by Kris Letang.
14:24 of 3rd period - Shot by Colton Sissons.
14:24 of 3rd period - Deflect By Yakov Trenin.
14:24 of 3rd period - Shot Misses the Net.
14:26 of 3rd period - Shot by Cal Clutterbuck.
14:26 of 3rd period - Goal by Cal Clutterbuck - Predators : 2 - Blues : 0.
14:27 of 3rd period - Tage Thompson wins face-off versus Jack Eichel in neutral zone.
14:39 of 3rd period - Shot by Jack Eichel.
14:39 of 3rd period - Deflect By Yanni Gourde.
14:39 of 3rd period - Shot Blocked by Tage Thompson.
14:41 of 3rd period - Shot by Clayton Keller.
14:41 of 3rd period - Stopped by Ilya Sorokin without a rebound.
14:42 of 3rd period - Nico Hischier wins face-off versus Bo Horvat in Predators zone.
14:51 of 3rd period - Shot by Auston Matthews.
14:51 of 3rd period - Shot Blocked by Brandon Carlo.
14:56 of 3rd period - Nico Hischier is hit by Brandon Carlo and loses puck.
15:09 of 3rd period - Shot by Auston Matthews.
15:09 of 3rd period - Goal by Auston Matthews - Predators : 2 - Blues : 1.
15:10 of 3rd period - Tage Thompson wins face-off versus Jack Eichel in neutral zone.
15:19 of 3rd period - Shot by Kyle Connor.
15:19 of 3rd period - Shot Blocked by Clayton Keller.
15:21 of 3rd period - Shot by Thomas Chabot.
15:21 of 3rd period - Shot Misses the Net.
15:41 of 3rd period - Shot by Tage Thompson.
15:41 of 3rd period - Deflect By Kyle Connor.
15:41 of 3rd period - Shot Blocked by Yanni Gourde.
16:16 of 3rd period - Nico Hischier is hit by Roman Josi and loses puck.
16:19 of 3rd period - Shot by Logan Couture.
16:19 of 3rd period - Shot Misses the Net.
16:39 of 3rd period - Shot by Roman Josi.
16:39 of 3rd period - Stopped by Kevin Lankinen with a rebound.
17:20 of 3rd period - Minor Penalty to Taylor Hall for Hooking.
17:21 of 3rd period - Clayton Keller wins face-off versus Colton Sissons in Predators zone.
17:21 of 3rd period - Kris Letang is hit by Jake McCabe and loses puck.
17:30 of 3rd period - Shot by Yanni Gourde.
17:30 of 3rd period - Stopped by Ilya Sorokin without a rebound.
17:31 of 3rd period - Colton Sissons wins face-off versus Auston Matthews in Predators zone.
18:29 of 3rd period - Blues, Kevin Lankinen is pulled from the net.
19:33 of 3rd period - Shot by Cale Makar.
19:33 of 3rd period - Goal by Cale Makar - Predators : 2 - Blues : 2.
19:33 of 3rd period - Kevin Lankinen from Blues was sent back in the game.
19:34 of 3rd period - J.T. Miller wins face-off versus Curtis Lazar in neutral zone.
19:49 of 3rd period - Darnell Nurse is hit by Curtis Lazar and loses puck.
Goals for this period are 1 for Predators vs 2 for Blues.
Shots for this period are 10 for Predators vs 9 for Blues.

Overtime #1


0:01 of 1st overtime period - Tage Thompson wins face-off versus Logan Couture in neutral zone.
0:14 of 1st overtime period - Shot by Kyle Connor.
0:14 of 1st overtime period - Shot Misses the Net.
0:28 of 1st overtime period - Shot by Clayton Keller.
0:28 of 1st overtime period - Stopped by Ilya Sorokin without a rebound.
0:29 of 1st overtime period - Tage Thompson wins face-off versus Logan Couture in Predators zone.
0:40 of 1st overtime period - Shot by Kyle Connor.
0:40 of 1st overtime period - Shot Blocked by Cale Makar.
1:30 of 1st overtime period - Shot by Nico Hischier.
1:30 of 1st overtime period - Stopped by Ilya Sorokin with a rebound.
2:20 of 1st overtime period - Shot by Jack Eichel.
2:20 of 1st overtime period - Stopped by Ilya Sorokin without a rebound.
2:21 of 1st overtime period - Tage Thompson wins face-off versus Logan Couture in Predators zone.
2:23 of 1st overtime period - Icing by Roman Josi.
2:24 of 1st overtime period - Logan Couture wins face-off versus Tage Thompson in Predators zone.
2:51 of 1st overtime period - Shot by Clayton Keller.
2:51 of 1st overtime period - Stopped by Ilya Sorokin without a rebound.
2:52 of 1st overtime period - Auston Matthews wins face-off versus Tage Thompson in Predators zone.
3:15 of 1st overtime period - Shot by Roman Josi.
3:15 of 1st overtime period - Stopped by Kevin Lankinen without a rebound.
3:16 of 1st overtime period - Bo Horvat wins face-off versus Logan Couture in Blues zone.
3:57 of 1st overtime period - Clayton Keller is hit by Thomas Chabot and loses puck.
4:15 of 1st overtime period - Icing by Cale Makar.
4:16 of 1st overtime period - Tage Thompson wins face-off versus Auston Matthews in Blues zone.
4:45 of 1st overtime period - Shot by Auston Matthews.
4:45 of 1st overtime period - Stopped by Ilya Sorokin without a rebound.
4:46 of 1st overtime period - Logan Couture wins face-off versus Tage Thompson in Predators zone.
4:49 of 1st overtime period - Shot by Filip Hronek.
4:49 of 1st overtime period - Shot Blocked by Roman Josi.
4:55 of 1st overtime period - Shot by Tage Thompson.
4:55 of 1st overtime period - Stopped by Kevin Lankinen with a rebound.
4:59 of 1st overtime period - Shot by Kyle Connor.
4:59 of 1st overtime period - Shot Misses the Net.
Goals for this period are 0 for Predators vs 0 for Blues.
Shots for this period are 2 for Predators vs 5 for Blues.

ShootOut


5:00 of 1st overtime period - Round #1.
5:00 of 1st overtime period - Predators, Kyle Connor.
5:00 of 1st overtime period - Stopped by Kevin Lankinen.
5:00 of 1st overtime period - Blues, Auston Matthews.
5:00 of 1st overtime period - Stopped by Ilya Sorokin.
5:00 of 1st overtime period - Round #2.
5:00 of 1st overtime period - Predators, Alex Tuch.
5:00 of 1st overtime period - Goal by Alex Tuch.
5:00 of 1st overtime period - Blues, Logan Couture.
5:00 of 1st overtime period - Goal by Logan Couture.
5:00 of 1st overtime period - Round #3.
5:00 of 1st overtime period - Predators, J.T. Miller.
5:00 of 1st overtime period - Stopped by Kevin Lankinen.
5:00 of 1st overtime period - Blues, Clayton Keller.
5:00 of 1st overtime period - Stopped by Ilya Sorokin.
5:00 of 1st overtime period - Round #4.
5:00 of 1st overtime period - Predators, Bo Horvat.
5:00 of 1st overtime period - Goal by Bo Horvat.
5:00 of 1st overtime period - Blues, Jack Eichel.
5:00 of 1st overtime period - Stopped by Ilya Sorokin.